 Dungeon Crawl Stone Soup version 0.17.0-7-gfadd4cc (webtiles) character file.

99838 McIrco the Cleaver (level 15, -4/124 HPs)
             Began as a Centaur Fighter on Nov 8, 2015.
             Was the Champion of Okawaru.
             Killed from afar by Aizul (21 damage)
             ... with a poison arrow
             ... on level 1 of the Snake Pit.
             The game lasted 01:49:06 (40775 turns).

McIrco the Cleaver (Centaur Fighter)               Turns: 40775, Time: 01:49:07

Health: -4/124     AC: 27    Str: 23    XL:     15   Next: 78%
Magic:  7/7        EV:  6    Int: 11    God:    Okawaru [******]
Gold:   2411       SH: 19    Dex: 15    Spells: 0 memorised, 14 levels left

rFire  + . .     SeeInvis +     O - +3 hand axe of Success {venom, MP-9 Int+4 Dex+4}
rCold  . . .     Rnd*Rage +     b - +0 plate armour of the Planets {*Drain rElec rPois rN++}
rNeg   + + +     SustAt   .     A - +0 large shield {rN+}
rPois  +         Gourm    .     t - +0 helmet
rElec  +         Spirit   .     c - +1 cloak {MR+}
rCorr  .         Warding  .     C - +0 pair of gloves
rMut   .         Stasis   .     J - +1 centaur barding {rF+}
MR     ++...                    N - amulet of faith
Stlth  ..........               R - ring of see invisible
                                K - +2 ring of protection

@: lethally poisoned (-4 -> -48), very quick, very resistant to hostile
enchantments, extremely unstealthy
A: hooves 3, repulsion field 1, rugged brown scales 1, agile 1, berserk 1,
blurry vision 1, deformed body, dopey 1, speed 2, frail 1, mutation resistance
1, spit poison 1, tough skin 3
a: Spit Poison, Heroism, Finesse, Renounce Religion


You were on level 1 of the Snake Pit.
You worshipped Okawaru.
Okawaru was exalted by your worship.
You were not hungry.

You visited 9 branches of the dungeon, and saw 34 of its levels.
You also visited: Bailey.

You collected 2774 gold pieces.
You spent 363 gold pieces at shops.

Inventory:

Hand Weapons
 p - a +2 flail of protection
 w - a +3 antimagic war axe
 O - the +3 hand axe of Success (weapon) {venom, MP-9 Int+4 Dex+4}
   (You found it on level 4 of the Dungeon)

   It poisons the flesh of those it strikes.
   It affects your intelligence (+4).
   It affects your dexterity (+4).
   It affects your magic capacity (-9).
 Y - the +6 battleaxe of Revolt {chop, Dex+4, unknown}
   (You found it on level 7 of the Lair of Beasts)

   It inflicts extra damage upon your enemies.
   It affects your dexterity (+4).
Armour
 a - a +0 shadow dragon armour
 b - the +0 plate armour of the Planets (worn) {*Drain rElec rPois rN++}
   (Okawaru gifted it to you on level 3 of the Orcish Mines)

   It insulates you from electricity.
   It protects you from poison.
   It greatly protects you from negative energy.
   It causes draining when unequipped.
 c - a +1 cloak of magic resistance (worn)
 t - a +0 helmet (worn)
 A - a +0 large shield of positive energy (worn)
 C - a +0 pair of gloves (worn)
 J - a +1 centaur barding of fire resistance (worn)
Jewellery
 K - a +2 ring of protection (left hand)
 N - an amulet of faith (around neck)
 R - a ring of see invisible (right hand)
 U - an uncursed ring of protection from fire
Wands
 d - a wand of slowing (7)
 e - a wand of fireball (0)
 m - a wand of fireball (2)
 q - a wand of draining (2)
 s - a wand of polymorph (2)
 v - a wand of enslavement (15)
 y - a wand of cold (7)
 F - a wand of frost (12)
 W - a wand of polymorph (13)
Scrolls
 g - 2 scrolls of recharging
 h - 10 scrolls of identify
 i - 13 scrolls of remove curse
 j - 2 scrolls of immolation
 l - 7 scrolls of teleportation
 o - 6 scrolls of enchant armour
 r - 3 scrolls of magic mapping
 u - 8 scrolls of enchant weapon
 x - 4 scrolls of amnesia
 D - a scroll of silence
 G - 3 scrolls of fog
 I - a scroll of fear
 Q - a scroll of holy word
 T - 3 scrolls of random uselessness
Potions
 n - 3 potions of haste
 z - 4 potions of lignification
 B - a potion of agility
 H - a potion of might
 L - 3 potions of curing
 M - 4 potions of flight
 S - a potion of ambrosia
 V - 3 potions of brilliance
 X - a potion of resistance
Comestibles
 f - 12 meat rations
 k - 9 royal jellies


   Skills:
 + Level 12.8 Fighting
 + Level 13.6 Axes
 + Level 10.3 Armour
 + Level 5.8 Dodging
 + Level 2.0 Stealth
 + Level 11.6 Shields
 + Level 0.2 Unarmed Combat
 + Level 2.1 Evocations


You had 14 spell levels left.
You didn't know any spells.

Dungeon Overview and Level Annotations

Branches:
Dungeon (15/15)            Temple (1/1) D:7            Lair (8/8) D:9
 Shoals (1/4) Lair:6        Snake (1/4) Lair:5        Slime (1/6) Lair:6
    Orc (4/4) D:10            Elf (2/3) Orc:3        Vaults (0/5) D:14
 Depths (1/5) D:15

Altars:
Ashenzari
Cheibriados
Dithmenos
Elyvilon
Fedhas
Gozag
Kikubaaqudgha
Makhleb
Nemelex Xobeh
Okawaru
Qazlal
Ru
Sif Muna
Trog
Vehumet
Xom
Yredelemnul
Zin
The Shining One
Beogh
Jiyva

Shops:
D:6 :   D:7 }   D:8 (   D:10 }   D:13 :   Orc:4 (?%*[   Elf:2 ?

Annotations:
Lair:3 exclusion: 2 oklob plants
Snake:1 Aizul
Elf:2 3 runed doors, bezhaha's ghost, adept DEWz


Innate Abilities, Weirdness & Mutations

You have hooves in place of feet.
Armour fits poorly on your strangely shaped body.
You cover ground very quickly.
You have extremely tough skin (AC +3).
You are surrounded by a mild repulsion field (EV +2).
You are partially covered in rugged brown scales (AC +1, +3% HP).
You are agile. (Dex +2)
You tend to lose your temper in combat.
Scrolls take you a little longer to read.
You are dopey. (Int -2)
You are frail (-10% HP).
You are somewhat resistant to further mutation.
You can spit weak poison.


Message History

Aizul coils himself and waves his upper body at you.
The poison arrow hits you!
You are more poisoned.
You partially resist.
* * * LOW HITPOINT WARNING * * *
Unknown command.
You feel sick.
You feel sick.
You feel sick.
Aizul screams, "I'll haunt your nightmares!"
Aizul casts a spell at you. The bolt of poison hits you!
You are lethally poisoned!
You resist.
* * * LOW HITPOINT WARNING * * *
Aizul coils himself and waves his upper body at you.
The poison arrow hits you!
You are more poisoned.
You partially resist.
You die...

###.# #......### ..
####...#
#...N...#... ##
#....### #.##.....
#.. #....#
#N.......
#...##....#
###.†......
#........##
#..S##.....
#.##...#######
#####S##.......
#...###...###.....#
....#..
#...........@.#####
.......
.....#####....####
####.. #...# ##...#
. #... ##### ###


You could see Aizul.

Vanquished Creatures
  Rupert (Lair:8)
  Kirke (Lair:8)
  Snorg (D:14)
  Josephine (Orc:4)
  An ogre mage (D:15)
  The ghost of Fv001 the Nimble, a journeyman DDMo of Makhleb (Lair:3)
  A rakshasa (D:15)
  4 hydras
  2 catoblepae
  A satyr (Lair:8)
  4 centaur warriors
  2 dancing weapons (D:14)
  An alligator snapping turtle (Shoals:1)
  2 tengu warriors
  An orc high priest (Orc:4)
  Sonja (Orc:3)
  Nergalle (D:11)
  3 deep elf knights
  A giant orange brain (shapeshifter) (D:15)
  3 unseen horrors
  A giant orange brain (D:15)
  A deep elf summoner (Elf:1)
  Pikel (D:5)
  7 hill giants
  4 griffons
  2 mana vipers (Snake:1)
  2 orc sorcerers (Orc:4)
  A deep elf conjurer (Elf:1)
  5 orc knights
  2 manticores (D:15)
  A wizard (D:14)
  5 ugly things
  A wolf spider (Lair:8)
  A hornet (Lair:8)
  2 guardian serpents
  16 black mambas
  Maurice (D:11)
  4 cyclopes
  6 elephants
  A spiny frog (shapeshifter) (D:15)
  A gargoyle (D:13)
  A torpor snail (Lair:7)
  13 spiny frogs
  An efreet (D:15)
  A kobold demonologist (D:15)
  4 fire drakes
  A komodo dragon (shapeshifter) (Elf:1)
  5 deep elf priests (Elf:2)
  8 komodo dragons
  A tengu conjurer (D:13)
  9 trolls
  A polar bear (Lair:7)
  A merfolk (Shoals:1)
  Grinder (D:6)
  5 two-headed ogres
  3 slime creatures (D:15)
  7 blink frogs (Lair:8)
  A snapping turtle (Lair:6)
  A trapdoor spider (D:14)
  2 wyverns (Lair:8)
  A hog (shapeshifter) (Elf:1)
  8 wraiths
  5 basilisks
  8 deep elf magi
  A shadow (D:12)
  Eustachio (D:4)
  30 yaks
  A hippogriff (shapeshifter) (D:15)
  5 hogs (Lair:8)
  18 hippogriffs
  Menkaure (D:4)
  A soldier ant (shapeshifter) (D:15)
  9 wolves
  2 wargs
  Edmund (D:4)
  2 hungry ghosts
  22 water moccasins
  11 porcupines
  12 vampire mosquitoes
  5 spiders (Lair:8)
  6 nagas
  3 sky beasts
  2 ice beasts
  Duvessa (D:5)
  42 orc warriors
  A slave (D:5)
  4 phantoms
  3 wasps (Lair:8)
  4 black bears
  14 ogres
  19 crocodiles
  13 centaurs
  Blork the orc (D:4)
  2 big kobolds
  A gnoll sergeant (D:8)
  20 giant frogs
  Dowan (D:5)
  A wyvern skeleton (D:13)
  2 wyvern zombies
  A water moccasin zombie (D:10)
  4 scorpions
  17 killer bees
  A water moccasin skeleton (D:7)
  11 wights
  2 electric eels
  2 centaur zombies
  6 hounds
  A jelly (shapeshifter) (D:15)
  2 giant frog zombies
  10 crimson imps
  26 orc priests
  2 giant frog skeletons
  A centaur skeleton (D:7)
  41 orc wizards
  8 jellies
  24 worker ants
  Terence (D:3)
  9 iguanas
  28 sheep
  2 hound zombies
  Robin (D:2)
  16 gnolls
  70 river rats
  4 shadow imps
  17 adders
  7 oozes
  3 adder zombies
  2 worms (D:2)
  216 orcs
  11 bats
  6 giant cockroaches
  13 goblins
  10 hobgoblins
  14 jackals
  14 kobolds
  6 quokkas
  A ball python (D:6)
  9 giant geckos
  5 giant newts
  2 quokka skeletons (D:4)
  3 rats
  10 fungi
  18 plants
1105 creatures vanquished.

Vanquished Creatures (others)
  A centaur (D:15)
  An adder (D:5)
  17 fungi
  11 plants
30 creatures vanquished.

Grand Total: 1135 creatures vanquished

Notes
Turn   | Place    | Note
--------------------------------------------------------------
     0 | D:1      | McIrco the Centaur Fighter began the quest for the Orb.
     0 | D:1      | Reached XP level 1. HP: 19/19 MP: 1/1
    96 | D:1      | Reached XP level 2. HP: 13/26 MP: 2/2
   825 | D:1      | Reached XP level 3. HP: 20/31 MP: 3/3
   966 | D:2      | Noticed Robin
  1244 | D:2      | Killed Robin
  1481 | D:2      | Reached XP level 4. HP: 24/38 MP: 4/4
  2201 | D:2      | Reached skill level 1 in Dodging
  2381 | D:3      | Noticed Terence
  2730 | D:3      | Killed Terence
  2730 | D:3      | Reached XP level 5. HP: 19/46 MP: 5/5
  3271 | D:3      | Noticed Grinder
  3273 | D:3      | Paralysed by Grinder for 5 turns
  3289 | D:3      | Paralysed by Grinder for 7 turns
  3576 | D:4      | Noticed a hippogriff
  3980 | D:3      | Paralysed by Grinder for 7 turns
  4490 | D:4      | Noticed Edmund
  4505 | D:4      | Killed Edmund
  4505 | D:4      | Reached skill level 4 in Fighting
  4505 | D:4      | Reached XP level 6. HP: 52/52 MP: 6/6
  4586 | D:4      | Noticed Menkaure
  4595 | D:4      | Killed Menkaure
  5372 | D:4      | Killed a hippogriff
  5372 | D:4      | Reached XP level 7. HP: 47/60 MP: 2/7
  5543 | D:4      | Noticed Blork the orc
  5557 | D:4      | Killed Blork the orc
  5599 | D:4      | Noticed Eustachio
  5605 | D:4      | Killed Eustachio
  5605 | D:4      | Reached skill level 5 in Fighting
  5819 | D:4      | Got a brightly glowing hand axe
  5820 | D:4      | Identified the +3 hand axe of Success {venom, MP-9 Int+4 Dex+4} (You found it on level 4 of the Dungeon)
  5892 | D:5      | Entered Level 5 of the Dungeon
  5930 | D:5      | Noticed Pikel
  5944 | D:5      | Killed Pikel
  5944 | D:5      | Reached XP level 8. HP: 46/70 MP: 0/8
  6004 | D:5      | Noticed Duvessa
  6008 | D:5      | Noticed Dowan
  6017 | D:5      | Killed Duvessa
  6017 | D:5      | Reached skill level 5 in Axes
  6027 | D:5      | Killed Dowan
  6310 | D:5      | Reached skill level 6 in Fighting
  6445 | D:5      | Found a glowing silver altar of Zin.
  6469 | D:5      | Found a snail-covered altar of Cheibriados.
  6472 | D:5      | Found a burning altar of Makhleb.
  6799 | D:6      | Found Saiqul's Book Emporium.
  6939 | D:6      | Paralysed by Grinder for 6 turns
  6942 | D:6      | Killed Grinder
  6942 | D:6      | Reached XP level 9. HP: 62/75 MP: 0/9
  6951 | D:6      | Got a slimy chain mail
  6962 | D:6      | Identified the cursed +1 chain mail of Exclusion {rPois rCorr} (You found it on level 6 of the Dungeon)
  7066 | D:6      | Found a deep blue altar of Sif Muna.
  8029 | D:7      | Reached skill level 5 in Shields
  8491 | D:7      | Reached skill level 5 in Armour
  8500 | D:7      | Found Utint's Gadget Boutique.
  8513 | D:7      | Bought a wand of draining (10) for 210 gold pieces
  8534 | D:7      | Found a staircase to the Ecumenical Temple.
  8539 | Temple   | Entered the Ecumenical Temple
  8543 | Temple   | Became a worshipper of Warmaster Okawaru
  8719 | D:7      | Reached skill level 7 in Axes
  8723 | D:7      | Gained mutation: You are weak. (Str -2) [mutagenic meat]
  8725 | D:7      | Gained mutation: You can spit weak poison. [mutagenic meat]
  8726 | D:7      | Gained mutation: You tend to lose your temper in combat. [mutagenic meat]
  8727 | D:7      | Gained mutation: You are agile. (Dex +2) [mutagenic meat]
  9087 | D:8      | Reached XP level 10. HP: 35/86 MP: 1/10
  9091 | D:8      | Reached * piety under Okawaru
  9091 | D:8      | Reached skill level 1 in Stealth
  9112 | D:8      | Found a basalt altar of Yredelemnul.
  9131 | D:8      | Found a shattered altar of Ashenzari.
  9131 | D:8      | Found an ancient bone altar of Kikubaaqudgha.
  9192 | D:8      | Found a flagged portal.
  9238 | Bailey   | Entered a bailey
  9238 | Bailey   | Noticed an orc knight
  9238 | Bailey   | Noticed an orc knight
  9247 | Bailey   | Noticed Clownie's ghost (journeyman FoFi)
  9269 | Bailey   | HP: 4/86 [Clownie's ghost (12)]
  9716 | D:8      | Found Nuekhlo's Antique Weapon Emporium.
 10434 | D:9      | Reached ** piety under Okawaru
 10445 | D:9      | Gained mutation: You are partially covered in rugged brown scales (AC +1, +3% HP). [potion of beneficial mutation]
 10454 | D:9      | Gained mutation: You are dopey. (Int -2) [potion of mutation]
 10454 | D:9      | Gained mutation: You are somewhat resistant to further mutation. [potion of mutation]
 10530 | D:9      | Noticed a hill giant
 10539 | D:9      | Killed a hill giant
 10584 | D:9      | Found a staircase to the Lair.
 10597 | D:9      | Reached skill level 8 in Axes
 10913 | D:10     | Entered Level 10 of the Dungeon
 10931 | D:10     | Noticed a hill giant
 10943 | D:10     | Killed a hill giant
 10943 | D:10     | Reached *** piety under Okawaru
 11730 | D:10     | Reached XP level 11. HP: 40/96 MP: 2/11
 11748 | D:10     | Found a blossoming altar of Fedhas.
 11967 | D:10     | Reached **** piety under Okawaru
 12429 | D:10     | Noticed an orc knight
 12433 | D:10     | Found a staircase to the Orcish Mines.
 12464 | D:10     | Killed an orc knight
 12716 | Orc:1    | Entered Level 1 of the Orcish Mines
 14098 | D:11     | Killed an unseen horror
 14375 | D:11     | Noticed a four-headed hydra
 14384 | D:11     | a five-headed hydra changed into a griffon
 14439 | D:11     | Reached skill level 9 in Axes
 14481 | D:11     | Reached ***** piety under Okawaru
 14569 | D:11     | Reached skill level 1 in Evocations
 14623 | D:11     | Noticed Maurice
 14641 | D:11     | Killed Maurice
 14650 | D:11     | Noticed Nergalle
 14664 | D:11     | Killed Nergalle
 14892 | D:11     | Got a bloodstained falchion
 15328 | D:11     | Noticed a four-headed hydra
 15338 | D:11     | Killed a four-headed hydra
 15563 | D:11     | Reached XP level 12. HP: 73/107 MP: 4/13
 15687 | D:11     | Found a roughly hewn altar of Beogh.
 16070 | Lair:1   | Entered Level 1 of the Lair of Beasts
 16222 | Lair:1   | Reached skill level 5 in Dodging
 16729 | Lair:1   | Identified a scroll of acquirement
 17100 | Lair:2   | Noticed a four-headed hydra
 17114 | Lair:2   | Killed a five-headed hydra
 17114 | Lair:2   | Received a gift from Okawaru
 17444 | Lair:2   | Lost mutation: You are weak. (Str -2) [potion of mutation]
 17490 | Lair:2   | Identified the +6 falchion of Fortitude {drain, rN+ Str+4 Int-3} (You found it on level 11 of the Dungeon)
 19364 | Orc:3    | Found a staircase to the Elven Halls.
 19412 | Orc:3    | Reached skill level 10 in Axes
 19427 | Orc:3    | Received a gift from Okawaru
 19436 | Orc:3    | Got a scorched plate armour {god gift}
 19447 | Orc:3    | Identified the +0 plate armour of the Planets {*Drain rElec rPois rN++} (Okawaru gifted it to you on level 3 of the Orcish Mines)
 19872 | Orc:3    | Noticed Sonja
 20309 | Orc:3    | Killed Sonja
 20309 | Orc:3    | Reached skill level 10 in Fighting
 20627 | Orc:4    | Entered Level 4 of the Orcish Mines
 20631 | Orc:4    | Found Hituph's Assorted Antiques.
 20670 | Orc:4    | Bought a scroll labeled JOTIACZOLILE for 32 gold pieces
 21498 | Lair:3   | Noticed Fv001's ghost (journeyman DDMo)
 21963 | Lair:4   | You fall through a shaft!
 22500 | Lair:3   | Killed Fv001's ghost
 22541 | Lair:4   | Reached XP level 13. HP: 81/116 MP: 5/14
 23536 | Lair:3   | Reached skill level 11 in Axes
 23868 | Lair:5   | Found a staircase to the Snake Pit.
 24347 | Snake:1  | Entered Level 1 of the Snake Pit
 24362 | Snake:1  | Received a gift from Okawaru
 24994 | Lair:6   | Found a staircase to the Slime Pits.
 24994 | Lair:6   | Found a viscous altar of Jiyva.
 25014 | Slime:1  | Entered Level 1 of the Pits of Slime
 25014 | Slime:1  | Noticed an acid blob
 25142 | Lair:6   | Found a staircase to the Shoals.
 25162 | Shoals:1 | Entered Level 1 of the Shoals
 25976 | Lair:7   | Got a dazzling battleaxe
 26184 | Lair:7   | Received a gift from Okawaru
 26669 | Lair:8   | Entered Level 8 of the Lair of Beasts
 26958 | Lair:8   | Noticed Kirke
 27696 | Lair:8   | Got an ichor-stained robe
 28203 | D:10     | Found Cuesa's Gadget Emporium.
 28738 | D:12     | Reached XP level 14. HP: 100/127 MP: 6/15
 29029 | D:12     | Reached ****** piety under Okawaru
 29029 | D:12     | Received a gift from Okawaru
 30131 | D:13     | Reached skill level 10 in Shields
 30165 | D:13     | Reached skill level 12 in Axes
 30552 | D:13     | Found Gishad's Book Shoppe.
 31088 | D:14     | Found a basalt altar of Yredelemnul.
 31088 | D:14     | Noticed Snorg
 31107 | D:14     | Killed Snorg
 31208 | D:14     | Found a gate to the Vaults.
 32332 | D:14     | Gained mutation: Scrolls take you a little longer to read. [mutagenic meat]
 32334 | D:14     | Gained mutation: You are surrounded by a mild repulsion field (EV +2). [mutagenic meat]
 32395 | D:15     | Entered Level 15 of the Dungeon
 33061 | D:15     | Received a gift from Okawaru
 34119 | D:15     | Gained mutation: You are frail (-10% HP). [mutagenic meat]
 34133 | D:15     | Found a staircase to the Depths.
 34363 | D:15     | Reached XP level 15. HP: 117/122 MP: 7/16
 34421 | Depths:1 | Entered Level 1 of the Depths
 34743 | Orc:4    | Found Isilal's Food Emporium.
 34791 | Orc:4    | Found Enaf's Antique Armour Shoppe.
 34822 | Orc:4    | Bought a runed cloak for 121 gold pieces
 35037 | Orc:4    | Found Liur's Antique Weapon Shop.
 35040 | Orc:4    | Noticed an orc warlord
 35345 | Orc:4    | an orc warlord changed into a catoblepas
 35483 | Orc:4    | Noticed Josephine
 35501 | Orc:4    | Killed Josephine
 35593 | Orc:4    | Found Mas Rumu's Magic Scroll Shop.
 35614 | Orc:4    | Reached skill level 13 in Axes
 36142 | Elf:1    | Entered Level 1 of the Elven Halls
 36903 | Elf:2    | Noticed bezhaha's ghost (adept DEWz)
 36920 | Elf:2    | Found Zuiddur's Magic Scroll Emporium.
 36926 | Elf:2    | HP: 4/124 [deep elf knight/stone arrow (30)]
 37004 | Elf:2    | Found a runed gate.
 37005 | Elf:2    | Found a runed gate.
 37006 | Elf:2    | Found a runed gate.
 37405 | Orc:3    | Reached skill level 10 in Armour
 37906 | Lair:8   | Noticed Rupert
 37944 | Lair:8   | Killed Rupert
 38270 | Lair:8   | Received a gift from Okawaru
 39906 | Lair:8   | Killed Kirke
 40746 | Snake:1  | Noticed Aizul
 40775 | Snake:1  | Killed from afar by Aizul

Action                   |  1- 3 |  4- 6 |  7- 9 | 10-12 | 13-15 || total
-------------------------+-------+-------+-------+-------+-------++-------
Melee: War axe           |    92 |   154 |       |       |       ||   246
       Hand axe          |       |    13 |   417 |  1385 |  2307 ||  4122
       Unarmed           |       |       |       |       |    51 ||    51
 Abil: Spit Poison       |       |       |     1 |     5 |     4 ||    10
Evoke: Wand              |       |       |       |    22 |    21 ||    43
  Use: Potion            |       |     2 |     2 |    21 |     5 ||    30
       Scroll            |       |       |     2 |    13 |    13 ||    28
  Eat: Chunk             |     1 |     4 |    16 |    19 |    21 ||    61
       Bread ration      |       |     1 |       |     4 |     7 ||    12
       Beef jerky        |       |     1 |     1 |     2 |     5 ||     9
       Fruit             |       |       |       |     5 |    11 ||    16
       Pizza             |       |       |       |     1 |     1 ||     2
       Royal jelly       |       |       |       |     3 |       ||     3
       Meat ration       |       |       |       |     1 |     2 ||     3
